 Dungeon Crawl Stone Soup version 0.30-a0-241-g1121274140 (webtiles) character file.

Game seed: 3211191199108449313

86 NinjaNoafa the Digger (level 4, -2/33 HPs)
             Began as a Human Wanderer on Oct 7, 2022.
             Slain by an iguana (11 damage)
             ... on level 3 of the Dungeon on Oct 10, 2022.
             The game lasted 00:04:49 (1838 turns).

NinjaNoafa the Digger (Human Wanderer)              Turns: 1838, Time: 00:04:50

Health: -2/33      AC:  4    Str: 11    XL:     4   Next: 78%
Magic:  4/5        EV: 12    Int: 12    God:
Gold:   48         SH:  0    Dex: 16    Spells: 4/5 levels left

rFire   . . .      SeeInvis .    a - +2 sling
rCold   . . .      Faith    .    (no shield)
rNeg    . . .      Spirit   .    d - +0 robe
rPois   .          Reflect  .    b - +0 helmet
rElec   .          Harm     .    q - +0 cloak
rCorr   .          Rampage  .    (no gloves)
Will    .....                    (no boots)
Stlth   +.........               h - amulet of magic regeneration
HPRegen 0.25/turn                (no ring)
MPRegen 0.49/turn                (no ring)

@: no status effects
A: no striking features
a: no special abilities


You were on level 3 of the Dungeon.
You visited 1 branch of the dungeon, and saw 3 of its levels.

You collected 113 gold pieces.
You spent 65 gold pieces at shops.

Inventory:

Hand Weapons
 a - a +2 sling (weapon)
Missiles
 e - 26 stones
Armour
 b - a +0 helmet (worn)
 d - a +0 robe (worn)
 q - a +0 cloak (worn)
Jewellery
 h - an amulet of magic regeneration (around neck)
Scrolls
 g - a scroll of teleportation
 i - 2 scrolls of enchant weapon {unknown}
 l - a scroll of enchant armour {unknown}
 m - a scroll of brand weapon {unknown}
 n - a scroll of fog {unknown}
 p - a scroll of immolation {unknown}
 r - a scroll of identify
Potions
 c - a potion of attraction
 f - 3 potions of degeneration
 j - a potion of ambrosia {unknown}
 k - 2 potions of brilliance {unknown}
 o - a potion of lignification {unknown}


   Skills:
 - Level 2.0 Fighting
 - Level 3.0 Ranged Weapons
 - Level 1.0 Dodging
 - Level 1.0 Spellcasting
 + Level 4.2 Earth Magic
 - Level 2.0 Invocations


You had 4 spell levels left.
You knew the following spells:

 Your Spells              Type           Power      Damage    Failure   Level
a - Sandblast             Erth           20%        2d7       5%          1

Your spell library contained the following spells:

 Spells                   Type           Power      Damage    Failure   Level
 Stone Arrow              Conj/Erth      10%        3d7       36%         3


Dungeon Overview and Level Annotations

Branches:
Dungeon (3/15)

Altars:

Shops:
D:1 (*


Message History

Press: ? - help, Shift-Dir - straight line, f/p - hound
Aim: a hound (almost dead, 73% to hit)
The blast of sand misses the hound.
The hound bites you but does no damage. The hound closely misses you.
Casting: Sandblast (safe; 7% risk of failure)
Confirm with . or Enter, or press ? or * to list all spells.
Aiming: Sandblast (safe; 7% risk of failure)
Press: ? - help, Shift-Dir - straight line, f/p - hound
Aim: a hound (almost dead, 73% to hit)
The blast of sand hits the hound.
You kill the hound!
Your Earth Magic skill increases to level 4!
Magic restored.
An iguana comes into view.
You shoot a sling bullet.
The sling bullet closely misses the iguana.
The iguana hisses angrily.
The iguana misses you.
You shoot a sling bullet. The sling bullet hits the iguana!
The iguana is heavily wounded.
The iguana completely misses you. The iguana bites you!
Casting: Sandblast (safe; 5% risk of failure)
Confirm with . or Enter, or press ? or * to list all spells.
Aiming: Sandblast (safe; 5% risk of failure)
Press: ? - help, Shift-Dir - straight line, f/p - iguana
Aim: an iguana (heavily wounded, 84% to hit)
The blast of sand hits the iguana.
The iguana is severely wounded.
The iguana bites you!
Casting: Sandblast (safe; 5% risk of failure)
Confirm with . or Enter, or press ? or * to list all spells.
Aiming: Sandblast (safe; 5% risk of failure)
Press: ? - help, Shift-Dir - straight line, f/p - iguana
Aim: an iguana (severely wounded, 84% to hit)
The blast of sand hits the iguana but does no damage.
The iguana is severely wounded.
The iguana bites you.
* * * LOW HITPOINT WARNING * * *
The iguana bites you!
You die...

#####.
#......
##.......
#..$.....
#........
#........
#......>.
#@.......
##l......
.......
.......
#######


You could see an iguana.

Vanquished Creatures
  A hound (D:3)
  A dart slug (D:1)
  4 endoplasms
  3 giant cockroaches
  6 goblins
  3 hobgoblins
  3 jackals
  5 quokkas
  3 ball pythons
  5 bats
  3 frilled lizards
  5 kobolds
  9 rats
51 creatures vanquished.

Vanquished Creatures (others)
  A plant (D:2)
1 creature vanquished.

Grand Total: 52 creatures vanquished

Notes
Turn   | Place    | Note
-------+----------+-------------------------------------------
     0 | D:1      | NinjaNoafa the Human Wanderer began the quest for the Orb.
     0 | D:1      | NinjaNoafa set off with the following items: a +2 sling, a
                  | +0 helmet, a potion of attraction, a +0 robe; and the
                  | following spell memorised: Sandblast; and the following
                  | spells available to memorise: Stone Arrow.
     0 | D:1      | Reached XP level 1. HP: 16/16 MP: 2/2
    89 | D:1      | Reached XP level 2. HP: 22/22 MP: 3/3
   149 | D:1      | Found Ytwyrrof's General Store.
   158 | D:1      | Bought a scroll of identify for 20 gold pieces
   165 | D:1      | Reached skill level 2 in Earth Magic
   247 | D:1      | Found Punosy's Antique Weapon Shoppe.
   248 | D:1      | Upgraded the game from 0.30-a0-219-gf2db51d15e to
                  | 0.30-a0-241-g1121274140
   458 | D:1      | Reached XP level 3. HP: 27/27 MP: 4/4
   514 | D:1      | Reached skill level 3 in Earth Magic
  1160 | D:1      | Bought a +0 cloak for 45 gold pieces
  1264 | D:2      | Reached XP level 4. HP: 33/33 MP: 5/5
  1828 | D:3      | Reached skill level 4 in Earth Magic
  1838 | D:3      | Slain by an iguana

Illustrated notes

Levels and vault maps discovered:
D:1:      dpeg_arrival_solitude, layout_basic, serial_shops,
          nicolae_square_shop, shop, minmay_octomino_c4
D:2:      layout_loops_ring, serial_forest, infiniplex_forest_lined_2,
          infiniplex_forest_end_3, infiniplex_forest_end_2,
          infiniplex_forest_end_2, infiniplex_forest_3_way,
          infiniplex_forest_end_1, infiniplex_forest_clump_tiny,
          infiniplex_forest_clump_tiny, infiniplex_forest_zigzag_1
D:3:      layout_rooms, nzn_hepliaklqana_mist_gate, serial_corexii_hall,
          chequers_hall_statues_y, chequers_hall_statues_corner_a,
          corexii_hall_statues_l

Skill      XL: |  1  2  3  4 |
---------------+-------------+-----
Earth Magic    | 2 3 4 |  4.2
Fighting       | |  2.0
Ranged Weapons | |  3.0
Dodging        | |  1.0
Spellcasting   | |  1.0
Invocations    | |  2.0

Action                   |  1- 3 |  4- 6 || total
-------------------------+-------+-------++-------
 Fire: Sling             |    93 |    18 ||   111
 Cast: Sandblast         |    10 |     4 ||    14
  Use: Scroll            |     2 |       ||     2
Armor: Robe              |    21 |     1 ||    22
Dodge: Dodged            |    42 |     7 ||    49

Table legend: (Time is in decaauts)
 A = Elapsed time spent in this place.
 B = Non-inter-level travel time spent in this place.
 C = Inter-level travel time spent in this place.
 D = Time resting spent in this place.
 E = Time spent auto-exploring this place.
 F = Levels seen in this place.
 G = Mean time per level.
                   A        B        C        D        E       F      G
               +--------+--------+--------+--------+--------+-----+--------+
         Total |   1873 |   1642 |    231 |      0 |   1313 |   3 |  624.3 |
       Dungeon |   1873 |   1642 |    231 |      0 |   1313 |   3 |  624.3 |
               +--------+--------+--------+--------+--------+-----+--------+

Top non-repeatable levels by time:
     D:2: 989 daAuts
     D:1: 865 daAuts
     D:3: 18 daAuts
